 Dungeon Crawl Stone Soup version 0.30-a0-297-g0ec75d9ef4 (webtiles) character file.

Game seed: 676172668451242630

195 Iusername the Covered (level 5, -5/49 HPs)
             Began as an Armataur Fighter on Oct 18, 2022.
             Slain by an ogre
             ... wielding a +0 giant spiked club
              (20 damage)
             ... on level 4 of the Dungeon.
             The game lasted 00:04:08 (2433 turns).

Iusername the Covered (Armataur Fighter)            Turns: 2433, Time: 00:04:09

Health: -5/49      AC: 10    Str: 24    XL:     5   Next: 45%
Magic:  5/5        EV:  7    Int:  8    God:
Gold:   112        SH:  4    Dex:  9    Spells: 4/4 levels left

rFire   . . .      SeeInvis .    a - +0 war axe
rCold   . . .      Faith    .    c - +0 buckler
rNeg    . . .      Spirit   .    b - +0 scale mail
rPois   .          Reflect  .    (no helmet)
rElec   .          Harm     .    m - +0 cloak
rCorr   .          Roll     +    s - +1 pair of gloves
Will    .....                    (no barding)
Stlth   ..........               (no amulet)
HPRegen 0.28/turn                (no ring)
MPRegen 0.09/turn                (no ring)

@: no status effects
A: large, rugged brown scales 3, deformed body, armoured tail, roll, long
tongue, awkward tongue
a: no special abilities


You were on level 4 of the Dungeon.
You visited 1 branch of the dungeon, and saw 4 of its levels.

You collected 112 gold pieces.

Inventory:

Hand Weapons
 a - a +0 war axe (weapon)
Missiles
 p - a boomerang (quivered)
Armour
 b - a +0 scale mail (worn)
 c - a +0 buckler (worn)
 m - a +0 cloak (worn)
 s - a +1 pair of gloves (worn)
Wands
 i - a wand of digging (7)
 j - a wand of flame (11)
Scrolls
 d - 2 scrolls of fear {unknown}
 g - a scroll of enchant weapon {unknown}
 k - 3 scrolls of identify {unknown}
 l - a scroll of amnesia {unknown}
 o - a scroll of enchant armour {unknown}
 q - 3 scrolls of immolation {unknown}
Potions
 e - a potion of magic {unknown}
 f - 3 potions of curing {unknown}
 h - 2 potions of resistance {unknown}
 n - a potion of attraction {unknown}
 r - a potion of degeneration {unknown}
 t - 2 potions of ambrosia {unknown}


   Skills:
 + Level 3.7 Fighting
 + Level 2.6 Axes
 + Level 4.8 Armour
 + Level 4.3 Shields


You had 4 spell levels left.
You didn't know any spells.
Your spell library contained the following spells:

 Spells                   Type           Power      Damage    Failure   Level
 Necrotise                Necr           0%         1d4       77%         1
 Vampiric Draining        Necr           0%         2d6       98%         3
 Simulacrum               Ice/Necr       0%         N/A       100%        6


Dungeon Overview and Level Annotations

Branches:
Dungeon (4/15)
 Temple: D:4-7

Altars:
Dithmenos
Kikubaaqudgha
Uskayaw


Innate Abilities, Weirdness & Mutations

You are completely covered in rugged brown scales. (AC +3, +7% HP)
Armour fits poorly on your strangely shaped body.
You have a long armoured tail.
You roll when moving toward enemies. (Rampage)
Your long tongue fully drains potion bottles. (2x potion effects)
Your tongue gives you trouble enunciating. (1.5x scroll delay)


Message History

No target in view!
No target in view!
No target in view!
A kobold and an ogre come into view.
The kobold shouts!
There are monsters nearby!
You throw a boomerang. The boomerang hits the kobold.
You kill the kobold!
You throw a boomerang.
The boomerang hits the ogre but does no damage.
You throw a boomerang.
The boomerang hits the kobold but does no damage.
The kobold hits you but does no damage.
You throw a boomerang.
The boomerang closely misses the kobold.
The kobold hits you but does no damage.
You throw a boomerang. The boomerang barely misses the ogre.
You block the ogre's attack. The kobold barely misses you. x2
You slash the ogre!
Your tail-slap misses the ogre.
The ogre is moderately wounded.
You barely miss the kobold.
The ogre hits you with a +0 giant spiked club!!
Ouch! That really hurt!
The kobold hits you with a +0 dagger.
You hit the ogre. You tail-slap the ogre.
The ogre is heavily wounded.
You closely miss the kobold.
The ogre hits you with a +0 giant spiked club!
The kobold hits you with a +0 dagger.
* * * LOW HITPOINT WARNING * * *
The kobold hits you but does no damage.
You slash the ogre!
The ogre is severely wounded.
You hit the kobold.
You kill the kobold!
You block the ogre's attack.
You barely miss the ogre.
The ogre is severely wounded.
The ogre hits you with a +0 giant spiked club!!
You die...

########...
######>.....'... .
#......#.####.....
#......#.####.).#
#......#.)@O....#
#......#........'.
######.#........#.
#....#.......##
#....#.......#
#########....#.......#
#............#.......#
#.##########.#.......#
#.# #.#


You could see an ogre.

Vanquished Creatures
  Crazy Yiuf (D:2)
  Jessica (D:2)
  Robin (D:2)
  3 adders
  2 worms (D:2)
  A dart slug (D:1)
  3 ball pythons
  3 bats (D:1)
  7 endoplasms
  3 giant cockroaches
  21 goblins
  5 hobgoblins
  8 jackals
  6 quokkas
  9 frilled lizards
  8 kobolds
  4 rats
86 creatures vanquished.

Vanquished Creatures (others)
  22 plants (D:1)
22 creatures vanquished.

Grand Total: 108 creatures vanquished

Notes
Turn   | Place    | Note
-------+----------+-------------------------------------------
     0 | D:1      | Iusername the Armataur Fighter began the quest for the Orb.
     0 | D:1      | Reached XP level 1. HP: 19/19 MP: 1/1
    52 | D:1      | Reached XP level 2. HP: 20/26 MP: 2/2
   287 | D:1      | Reached XP level 3. HP: 32/33 MP: 3/3
   581 | D:2      | Noticed Robin
   591 | D:2      | Killed Robin
   593 | D:2      | Reached XP level 4. HP: 30/40 MP: 4/4
   701 | D:2      | Found a runed translucent door.
   702 | D:2      | Noticed Crazy Yiuf
   973 | D:2      | Got Karchuh's Compendium of the Grave
  1004 | D:2      | Found a hide-covered altar of Uskayaw.
  1097 | D:2      | Noticed Jessica
  1110 | D:2      | Killed Jessica
  1111 | D:2      | Reached XP level 5. HP: 26/48 MP: 5/5
  1375 | D:2      | Killed Crazy Yiuf
  1794 | D:3      | Found an ancient bone altar of Kikubaaqudgha.
  1913 | D:3      | Found a shadowy altar of Dithmenos.
  2424 | D:4      | Noticed an ogre
  2433 | D:4      | Slain by an ogre

Illustrated notes

Levels and vault maps discovered:
D:1:      minmay_arrival_glassed_features, layout_rooms, serial_bayou,
          serial_bayou_lagoon_b, serial_bayou_pond_d, serial_bayou_lagoon_a,
          serial_bayou_ford_a, minmay_lizard_king
D:2:      layout_loops_ring, basic_altar, nrook_campfire,
          uniq_crazy_yiuf_cottage, uniq_robin, uniq_jessica
D:3:      wander_river, layout_rooms, grunt_dithmenos_smoke_and_mirrors,
          mainiacjoe_overflow_24_doors
D:4:      layout_basic

Skill      XL: |  1  2  3  4 |
---------------+-------------+-----
Fighting       | 3 |  3.7
Armour         | 4 |  4.8
Axes           | 2 |  2.6
Shields        | 4 |  4.3

Action                   |  1- 3 |  4- 6 || total
-------------------------+-------+-------++-------
Melee: War axe           |    77 |    88 ||   165
       Tailslap          |     7 |     5 ||    12
Throw: Boomerang         |       |    29 ||    29
  Use: Potion            |     1 |       ||     1
Armor: Scale mail        |    62 |    37 ||    99
Dodge: Dodged            |    40 |    42 ||    82
Block: Buckler           |    28 |    18 ||    46

Table legend: (Time is in decaauts)
 A = Elapsed time spent in this place.
 B = Non-inter-level travel time spent in this place.
 C = Inter-level travel time spent in this place.
 D = Time resting spent in this place.
 E = Time spent auto-exploring this place.
 F = Levels seen in this place.
 G = Mean time per level.
                   A        B        C        D        E       F      G
               +--------+--------+--------+--------+--------+-----+--------+
         Total |   2570 |   2500 |     70 |    342 |   1669 |   4 |  642.5 |
       Dungeon |   2570 |   2500 |     70 |    342 |   1669 |   4 |  642.5 |
               +--------+--------+--------+--------+--------+-----+--------+

Top non-repeatable levels by time:
     D:2: 1217 daAuts
     D:1: 651 daAuts
     D:3: 532 daAuts
     D:4: 169 daAuts
